AoeStats
← Agnes Tachyon

Arena

506532165Analyzed
3v3 RM · 19d ago on Sep 13, 2026· 49m 10s· 6 players
Game mode
Random Map
Map size
Normal (6 player)
Population
200
Speed
Normal
Resources
Standard
Victory
Conquest
Starting age
Dark Age
Ending age
Imperial Age
RankedLock teamsTeams togetherTeam positionsShared explorationLock speedFull tech treeHidden civsTurbo modeCheats
Victory
Defeat
🇺🇸 Aztecs · United States
919
+13
🇨🇱 Shu · Chile
912
+14
🇦🇷 Chinese · Argentina
874
+15
🇨🇱 Bohemians · Chile
939
-17
🇨🇱 Magyars · Chile
864
-14
🇨🇱 Spanish · Chile
769
-11
Agnes Tachyon
0:35 Loom
10:38 Feudal Age
16:52 Castle Age
15:09 Stone Mining
15:28 Double-Bit Axe
17:58 Wheelbarrow
18:50 Horse Collar
19:48 Gold Mining
24:14 Padded Archer Armor
31:05 Imperial Age
29:33 Fletching
29:59 Leather Archer Armor
30:48 Heavy Plow
31:07 Bow Saw
32:58 Ballistics
33:38 Chemistry
32:36 Bodkin Arrow
34:14 Bracer
35:17 Gold Shaft Mining
35:18 Stone Shaft Mining
35:24 Stone Shaft Mining
37:34 Ring Archer Armor
38:27 Forging
38:22 Scale Barding Armor
42:07 Husbandry
43:47 Iron Casting
43:33 Chain Barding Armor
43:14 Scale Mail Armor
45:57 Conscription
SSC LyonM
10:17 Feudal Age
10:39 Loom
16:41 Castle Age
16:23 Double-Bit Axe
17:02 Arson
20:45 Thumb Ring
23:20 Ballistics
27:07 Fletching
28:43 Husbandry
34:14 Imperial Age
32:54 Caravan
33:25 Coinage
33:43 Wheelbarrow
32:53 Town Watch
34:24 Bodkin Arrow
34:34 Scale Barding Armor
34:31 Padded Archer Armor
34:47 Bow Saw
34:20 Horse Collar
37:16 Chemistry
36:28 Fortified Wall
37:04 Conscription
37:35 Heavy Cavalry Archer
38:55 Town Patrol
40:39 Hand Cart
40:41 Bracer
41:25 Capped Ram
41:27 Onager
43:24 Chain Barding Armor
43:49 Gold Mining
43:50 Stone Mining
44:21 Guilds
44:44 Banking
45:01 Plate Barding Armor
44:43 Leather Archer Armor
44:04 Heavy Hei Guang Cavalry
47:29 Siege Ram
actions speak loudr than wololoo
11:43 Feudal Age
15:27 Castle Age
14:30 Gold Mining
14:26 Double-Bit Axe
18:59 Redemption
19:03 Horse Collar
19:44 Forging
19:35 Scale Mail Armor
33:16 Imperial Age
33:17 Stone Mining
34:05 Gold Shaft Mining
34:11 Iron Casting
33:36 Scale Mail Armor
34:26 Garland Wars
34:33 Heavy Plow
36:03 Blast Furnace
35:41 Eagle Warrior
37:09 Bow Saw
37:39 Wheelbarrow
37:11 Capped Ram
39:17 Chain Mail Armor
41:06 Elite Jaguar Warrior
46:48 Plate Mail Armor
47:18 Elite Eagle Warrior
47:58 Squires
47:44 Arson
Benjita23
10:07 Feudal Age
8:22 Loom
10:35 Double-Bit Axe
15:05 Horse Collar
19:19 Castle Age
19:42 Stone Mining
20:14 Bow Saw
20:11 Husbandry
26:56 Light Cavalry
32:27 Gold Mining
35:47 Bloodlines
38:40 Wheelbarrow
40:52 Scale Barding Armor
40:48 Scale Mail Armor
FF Milo chan
11:02 Feudal Age
15:29 Castle Age
13:26 Double-Bit Axe
13:22 Horse Collar
21:37 Imperial Age
21:07 Loom
22:56 Fervor
23:11 Sanctity
22:55 Scale Mail Armor
23:06 Forging
23:27 Pikeman
24:08 Squires
25:26 Chemistry
28:46 Halberdier
29:42 Chain Mail Armor
31:28 Block Printing
38:35 Wheelbarrow
38:45 Ballistics
38:18 Fletching
41:26 Bodkin Arrow
46:39 Plate Mail Armor
46:45 Iron Casting
46:18 Bracer
48:51 Iron Casting
FF MithDark
4:37 Loom
11:43 Feudal Age
17:22 Castle Age
15:41 Double-Bit Axe
15:51 Gold Mining
16:20 Stone Mining
20:24 Fervor
22:47 Fletching
24:34 Husbandry
26:42 Bloodlines
26:43 Scale Barding Armor
26:29 Elite Skirmisher
28:00 Ballistics
29:22 Thumb Ring
29:49 Inquisition
32:04 Bodkin Arrow
32:11 Padded Archer Armor
35:48 Leather Archer Armor
37:20 Chain Barding Armor
40:30 Imperial Age
41:16 Bracer
42:34 Conscription
46:13 Wheelbarrow
48:37 Ring Archer Armor
Connection lost

Rejoining the realm…

Still unreachable

The connection could not be restored.

Session expired

The server has moved on; the page needs a fresh start.